 Dungeon Crawl Stone Soup version 0.16.0-8-gd9ae3a8 (webtiles) character file.

219 Ponchio the Destroyer (level 5, -5/28 HPs)
             Began as a Tengu Conjurer on Mar 16, 2015.
             Killed from afar by a white imp (12 damage)
             ... with a puff of frost
             ... summoned by Natasha
             ... on level 3 of the Dungeon.
             The game lasted 00:15:54 (2493 turns).

Ponchio the Destroyer (Tengu Conjurer)              Turns: 2493, Time: 00:15:54

Health: -5/28      AC:  5    Str: 12    XL:     5   Next: 96%
Magic:  4/13       EV: 12    Int: 16    God:
Gold:   82         SH:  0    Dex: 14    Spells: 2 memorised, 6 levels left

rFire  . . .     SeeInvis .     o - +0 dagger
rCold  . . .     Clarity  .     a - +0 robe
rNeg   . . .     SustAb   .     (no shield)
rPois  .         Gourm    .     (helmet restricted)
rElec  .         Spirit   .     (no cloak)
rCorr  .         Warding  .     (no gloves)
rMut   +         Stasis   .     (boots unavailable)
MR     .....                    v - amulet of resist mutation
Stlth  ++........               p - +3 ring of protection
                                g - +3 ring of strength

@: very slightly contaminated, not resistant to hostile enchantments, unstealthy
A: able to fly, beak, talons 3
a: Fly


You were on level 3 of the Dungeon.
You were not hungry.

You visited 1 branch of the dungeon, and saw 3 of its levels.

You collected 82 gold pieces.

Inventory:

Hand weapons
 o - a +0 dagger (weapon)
 q - a +1 falchion of holy wrath
Armour
 a - a +0 robe (worn)
Jewellery
 g - a +3 ring of strength (left hand)
 i - a +2 ring of strength
 p - a +3 ring of protection (right hand)
 v - an amulet of resist mutation (around neck)
Scrolls
 d - a scroll of recharging {unknown}
 h - a scroll of enchant weapon {unknown}
 j - 2 scrolls of identify {unknown}
 n - a scroll of amnesia {unknown}
 r - a scroll of immolation {unknown}
 s - a scroll of remove curse {unknown}
 u - a scroll of noise {unknown}
 w - a scroll of fog {unknown}
Potions
 e - a potion of mutation {unknown}
 f - 2 potions of ambrosia {unknown}
 k - a potion of curing {unknown}
 m - a potion of degeneration {unknown}
 t - a potion of poison {unknown}
Books
 c - a book of Conjurations

   Spells                             Type                      Level
   a - Magic Dart                     Conjuration                  1
   b - Searing Ray                    Conjuration                  2
   c - Dazzling Spray                 Conjuration/Hexes            3
   d - Fulminant Prism                Conjuration/Hexes            4
   e - Iskenderun's Mystic Blast      Conjuration                  4
   f - Iskenderun's Battlesphere      Conjuration/Charms           5
Comestibles
 b - 3 bread rations
 l - a beef jerky


   Skills:
 + Level 0.2 Fighting
 - Level 2.1 Dodging
 - Level 2.0 Stealth
 + Level 3.4 Spellcasting
 + Level 8.1 Conjurations
 + Level 0.1 Hexes


You had 6 spell levels left.
You knew the following spells:

 Your Spells              Type           Power        Failure   Level  Hunger
a - Magic Dart            Conj           ####         1%          1    None
b - Dazzling Spray        Conj/Hex       ###.....     12%         3    ###....


Dungeon Overview and Level Annotations

Branches:
Dungeon (3/15)

Altars:

Annotations:
D:3 Natasha


Innate Abilities, Weirdness & Mutations

You can fly.
You have a beak for a mouth.
You have claws for feet.


Message History

The spray of energy hits Natasha.
Natasha is moderately wounded.
Natasha is dazzled.
The spray of energy hits the white imp.
The white imp is lightly wounded.
The white imp is dazzled.
Natasha barely misses you. The white imp misses you.
Casting: Dazzling Spray
Confirm with . or Enter, or press ? or * to list all spells.
Aiming: Dazzling Spray
Press: ? - help, Shift-Dir - straight line, f/p - Natasha
Aim: Natasha (moderately wounded, blind)
The spray of energy hits Natasha.
Natasha is severely wounded.
Natasha is dazzled.
The spray of energy hits the white imp.
The white imp is moderately wounded.
The white imp is dazzled.
Natasha zaps a wand.
The magic dart hits you!
* * * LOW HITPOINT WARNING * * *
It is a wand of magic darts.
The white imp gestures at you. The puff of frost hits you!
You die...

###..........#
#........##.##
#.#.##..###.#
............# #
###.#.#.##### ####.
#.....# ##..(.
#.....# ##...##
##...## #..5..#
#...# #.@h.# #...#
#.#.## #..)# #.###
####...########.#
..............#.#
..............#.#
..............#.#
####...###...##.#
#...##.#.#.#.#####.#


You could see Natasha (blind) and a white imp (blind).

Vanquished Creatures
  The ghost of Rotinaj the Magician, an average SpEE (D:3)
  An orc priest (D:3)
  Jessica (D:2)
  Terence (D:2)
  4 adders
  An ooze (D:2)
  2 orcs
  3 ball pythons
  11 bats
  3 giant cockroaches
  12 goblins
  8 hobgoblins
  5 kobolds
  2 quokkas
  4 giant newts
  5 rats
64 creatures vanquished.

Notes
Turn   | Place    | Note
--------------------------------------------------------------
     0 | D:1      | Ponchio, the Tengu Conjurer, began the quest for the Orb.
     0 | D:1      | Reached XP level 1. HP: 10/10 MP: 3/3
     8 | D:1      | Noticed a crocodile
     8 | D:1      | Noticed a black bear
     8 | D:1      | Noticed an anaconda
     8 | D:1      | Noticed a fire drake
     8 | D:1      | Noticed a hog
   165 | D:1      | Reached XP level 2. HP: 15/15 MP: 1/5
   232 | D:1      | Reached skill level 6 in Conjurations
   468 | D:1      | Reached XP level 3. HP: 19/19 MP: 1/7
   820 | D:2      | Noticed Terence
   833 | D:2      | Killed Terence
  1146 | D:2      | Reached XP level 4. HP: 24/24 MP: 3/9
  1228 | D:2      | Reached skill level 7 in Conjurations
  1536 | D:2      | Noticed Jessica
  1543 | D:2      | Killed Jessica
  1948 | D:2      | Learned a level 3 spell: Dazzling Spray
  2016 | D:2      | Reached XP level 5. HP: 11/28 MP: 0/11
  2321 | D:3      | Noticed Rotinaj's ghost (average SpEE)
  2325 | D:3      | Killed Rotinaj's ghost
  2393 | D:3      | Reached skill level 8 in Conjurations
  2485 | D:3      | Noticed Natasha
  2493 | D:3      | Killed from afar by a white imp

Action                   |  1- 3 |  4- 6 || total
-------------------------+-------+-------++-------
Melee: Unarmed           |     1 |       ||     1
       Dagger            |    16 |    17 ||    33
 Cast: Magic Dart        |    53 |    54 ||   107
       Dazzling Spray    |       |     7 ||     7
 Stab: Sleeping          |     1 |       ||     1
       Invisible         |       |     1 ||     1
  Eat: Chunk             |     1 |     6 ||     7
